AoeStats
← [GDL] Maldito Pantoja

Nomad

505566603Analyzed
4v4 RM · 23d ago on Sep 10, 2026· 37m 0s· 8 players
Game mode
Random Map
Map size
231×231
Population
200
Speed
Normal
Resources
Standard
Victory
Conquest
Starting age
Dark Age
Ending age
Imperial Age
RankedLock teamsTeams togetherTeam positionsShared explorationLock speedFull tech treeHidden civsTurbo modeCheats
Victory
Defeat
🇲🇽 Celts · Mexico
1328
+13
🇨🇳 Persians · China
1290
+15
🇦🇷 Italians · Argentina
1258
+16
🇺🇸 Aztecs · United States
1225
+17
🇨🇱 Wu · Chile
1374
-20
🇵🇪 Ethiopians · Peru
1276
-16
🇦🇷 Malians · Argentina
1241
-15
🇨🇱 Vietnamese · Chile
1135
-10
Comend x comend
5:05 Loom
14:41 Feudal Age
15:07 Double-Bit Axe
21:22 Castle Age
20:53 Horse Collar
31:57 Town Watch
37:29 Imperial Age
MrKarlos
4:43 Loom
18:07 Feudal Age
18:56 Horse Collar
24:18 Castle Age
25:50 Double-Bit Axe
27:27 Crossbowman
28:14 Thumb Ring
28:33 Bow Saw
35:04 Wheelbarrow
35:46 Fletching
36:33 Padded Archer Armor
36:29 Bodkin Arrow
rencud
9:09 Loom
14:25 Feudal Age
15:49 Wheelbarrow
16:06 Double-Bit Axe
25:50 Castle Age
26:06 Forging
27:35 Medium Warships
27:49 Bow Saw
30:24 Imperial Age
28:47 Gold Mining
30:49 Fletching
32:20 Two-Man Saw
31:06 Horse Collar
DHOKO
4:39 Loom
14:51 Feudal Age
15:32 Double-Bit Axe
19:26 Castle Age
18:53 Fishing Lines
20:24 Bow Saw
20:26 Medium Warships
20:31 Gillnets
21:33 Town Watch
22:23 Wheelbarrow
25:02 Fletching
26:02 Bodkin Arrow
29:54 Careening
29:57 Clinker Construction
31:18 Gold Mining
37:41 Imperial Age
36:49 Scale Mail Armor
[GDL] Maldito Pantoja
3:21 Loom
16:16 Feudal Age
23:12 Double-Bit Axe
28:21 Castle Age
26:28 Horse Collar
26:40 Gold Mining
27:11 Stone Mining
28:49 Scale Mail Armor
28:53 Gambesons
30:17 Forging
34:18 Heavy Plow
35:15 Wheelbarrow
35:32 Wheelbarrow
37:01 Hand Cart
37:02 Bow Saw
Planck Walk
5:29 Loom
13:30 Feudal Age
14:23 Double-Bit Axe
22:03 Castle Age
20:39 Fishing Lines
22:18 Horse Collar
22:37 Gillnets
22:58 Bow Saw
24:23 Heavy Plow
25:06 Medium Warships
25:19 Town Watch
28:38 Forging
28:28 Scale Mail Armor
28:19 Eagle Warrior
29:00 Squires
30:20 Iron Casting
29:45 Scale Mail Armor
32:10 Chain Mail Armor
31:54 Gold Mining
33:28 Wheelbarrow
34:17 Arson
38:58 Imperial Age
36:44 Hand Cart
LordofSun
12:38 Feudal Age
16:25 Castle Age
15:31 Double-Bit Axe
17:34 Bow Saw
17:52 Medium Warships
17:55 Loom
19:03 Wheelbarrow
20:21 Forging
21:36 Fishing Lines
22:54 Gillnets
24:30 Iron Casting
23:54 Town Watch
26:57 Stone Mining
28:08 Hand Cart
32:42 Imperial Age
30:16 Fletching
30:29 Padded Archer Armor
30:50 Ballistics
31:23 Bodkin Arrow
32:37 Leather Archer Armor
33:50 Conscription
33:32 Bracer
34:34 Chemistry
搞就完了
3:13 Loom
14:33 Feudal Age
15:39 Fishing Lines
15:55 Double-Bit Axe
16:08 Horse Collar
23:16 Castle Age
21:35 Forging
21:31 Scale Barding Armor
23:45 Bloodlines
24:27 Medium Warships
25:43 Wheelbarrow
25:20 Bow Saw
25:12 Heavy Plow
27:05 Iron Casting
26:51 Chain Barding Armor
26:47 Gillnets
28:56 Husbandry
31:47 Hand Cart
36:47 Imperial Age
34:50 Town Watch
36:29 Cavalier
37:49 Plate Barding Armor
38:24 Blast Furnace
38:35 Two-Man Saw
Connection lost

Rejoining the realm…

Still unreachable

The connection could not be restored.

Session expired

The server has moved on; the page needs a fresh start.